Login

Chiefs vs Aces

Created - April 21, 2024 at 11:45

Goals
1 2 3 T
Chiefs 2 2 1 5
Aces 0 2 1 3
Shots
1 2 3 T
Chiefs 10 25 7 42
Aces 3 9 13 25

GoalsPenalties
1st period
1. Chiefs , Brad Marchand 17 (Dave Hunt 40, Ivan Provorov 19) at 11:55
2. Chiefs , Max Domi 9 (Brad Marchand 16, Jake DeBrusk 15) at 12:26
Jake Muzzin (GLA) for Hooking (Minor) at 7:49
Nathan MacKinnon (MAL) for Hooking (Minor) at 9:52
Vincent Desharnais (GLA) for Holding (Minor) at 19:35
2nd period
3. Aces , Jordan Kyrou 18 (Charlie Coyle 25, Thomas Chabot 27) at 8:13
4. Aces , Mikael Backlund 5 (Robby Fabbri 14, Nick Leddy 16) at 8:41
5. Chiefs , Ivan Provorov 6 (Ryan Nugent-Hopkins 27, Leon Draisaitl 44) at 11:21 (PP)
6. Chiefs , Leon Draisaitl 40 (Ryan Nugent-Hopkins 28, Dave Hunt 41) at 14:07 (PP)
Jordan Kyrou (MAL) for Hooking (Minor) at 5:41
Mikael Backlund (MAL) for Interference (Minor) at 10:53
Nick Leddy (MAL) for Tripping (Minor) at 13:49
Carter Hart (MAL) for Delaying the game (Minor) at 16:54 - Erik Cernak served the penalty.
Nick Leddy (MAL) for Delaying the game (Minor) at 19:26
3rd period
7. Aces , Nick Leddy 3 (Ryan McDonagh 22) at 12:07 (PP)
8. Chiefs , Dave Hunt 15 (Ryan Nugent-Hopkins 29, Leon Draisaitl 45) at 19:38 (Empty Net)
Jake Muzzin (GLA) for Roughing (Minor) at 7:45
Drew Doughty (GLA) for Tripping (Minor) at 10:27
Goalie Stats
Stuart Skinner (GLA), 22 saves from 25 shots - (0.880), W, 38-24-7, 60:00 minutes
Carter Hart (MAL), 37 saves from 41 shots - (0.902), L, 23-34-7, 58:57 minutes
3 StarsOfficial
1 - Dave Hunt (GLA)
2 - Leon Draisaitl (GLA)
3 - Brad Marchand (GLA)
Referees : Unknown
Linesman : Unknown
Game Note
Dave Hunt has scored in a empty net!
Finance
Level 1 -- Attendance: 4688 (78.13%) -- Ticket Income $468,800
Level 2 -- Attendance: 3872 (77.44%) -- Ticket Income $232,320
Level 3 -- Attendance: 1544 (77.20%) -- Ticket Income $54,040
Level 4 -- Attendance: 3046 (76.15%) -- Ticket Income $76,150
Luxury Box -- Attendance: 901 (90.10%) -- Ticket Income $180,200
Game was played at the Ikea Arena.
Total Attendance: 14051 (78.06%)
Total Ticket Income: $1,011,510
Other Income: $404,604
Total Income: $1,416,114



Team Name Goals Shots Shots Attemp Shots Blocked PIM HIT PP PK FO%
Chiefs 5427178182 / 6 (33%)171%
Aces 32556612271 / 4 (25%)229%

Chiefs
Player Name POS G A P +/- PIM HIT SHT SB MP PP MP PP SHT PK MP PK SHT FO% FOT
Brad MarchandLW1121012014:010:0000:00050% 2
Brandon DavidsonD000000102:310:4611:3400% 0
Casey CizikasC000-1022014:120:2600:10074% 23
Dave HuntLW/RW1231026018:574:5822:31067% 3
Drew DoughtyD0000220215:200:0000:0000% 0
Frank VatranoLW/RW000-1003013:360:0000:0000% 0
Ivan ProvorovD1120006225:234:4953:5800% 0
Jake DeBruskLW/RW0111043017:553:5410:00050% 2
Jake MuzzinD0001410013:230:0000:0000% 0
Jesse PuljujarviRW000002007:473:1100:0000% 6
Jordan EberleRW000001006:240:0001:4800% 0
Leon DraisaitlC/LW1231014026:485:0535:39083% 36
Marc-Edouard VlasicD0000001225:134:4505:3300% 0
Max DomiC/LW/RW1011003014:170:1600:00068% 19
Miro HeiskanenD0000010019:193:5304:0900% 0
Reilly SmithRW000-1007016:363:0020:0000% 0
Ryan Nugent-HopkinsC/LW0331004021:505:1625:06080% 5
Vincent DesharnaisD0001210118:473:1100:0000% 0
Aces
Player Name POS G A P +/- PIM HIT SHT SB MP PP MP PP SHT PK MP PK SHT FO% FOT
Anthony BeauvillierLW000-100006:590:0000:0000% 0
Arthur KaliyevLW/RW000-1011013:060:0000:00017% 18
Carter VerhaegheC/LW/RW0001010015:352:3100:56022% 18
Charlie CoyleC/RW0111031014:392:3100:000100% 1
Clayton KellerLW/RW000-1021123:085:2004:42033% 12
Dante FabbroD0000071016:270:0003:2800% 0
Erik CernakD000-1082124:404:2124:2100% 0
Jack HughesC/LW000-1014022:175:0604:0500% 1
Jordan KyrouLW/RW1011201019:114:4602:1800% 6
Lee MackD000-1003026:335:5624:0900% 0
Mikael BacklundC/RW1010203011:270:0000:00050% 2
Nathan MacKinnonC000-120307:240:0000:2600% 1
Nick LeddyD1120402115:461:4111:0800% 0
Robby FabbriC/LW0110010015:572:3701:52026% 23
Ross ColtonC/LW000-102006:590:0000:00056% 9
Ryan McDonaghD0110002221:383:1604:0800% 0
Thomas ChabotD0110011114:540:0000:1000% 0
Victor OlofssonLW/RW0000000014:330:0003:05080% 5

Chiefs

5 vs 5 Forward
Line #Left WingCenterRight WingPHYDFOFWanted %Time %Time Play
1Ryan Nugent-HopkinsLeon DraisaitlDave Hunt1223026%11:12
2Brad MarchandMax DomiJake DeBrusk1222832%14:01
3Frank VatranoCasey CizikasReilly Smith1222631%13:36
4Jesse PuljujarviLeon DraisaitlJordan Eberle1221611%4:36
5 vs 5 Defense
Line #DefenseDefensePHYDFOFWanted %Time %Time Play
1Jake MuzzinIvan Provorov1223030%13:09
2Marc-Edouard VlasicMiro Heiskanen1222826%11:17
3Vincent DesharnaisDrew Doughty1222635%15:21
4Marc-Edouard VlasicIvan Provorov122168%3:38
Power Play Forward
Line #Left WingCenterRight WingPHYDFOFWanted %Time %Time Play
1Ryan Nugent-HopkinsLeon DraisaitlDave Hunt1225555%4:48
2Leon DraisaitlRyan Nugent-HopkinsJake DeBrusk1224545%3:54
Power Play Defense
Line #DefenseDefensePHYDFOFWanted %Time %Time Play
1Marc-Edouard VlasicIvan Provorov1225555%4:49
2Marc-Edouard VlasicMiro Heiskanen1224545%3:53
Penalty Kill 4 Players Forward
Line #CenterWingPHYDFOFWanted %Time %Time Play
1Leon DraisaitlRyan Nugent-Hopkins1225567%5:06
2Dave HuntLeon Draisaitl1224533%2:31
Penalty Kill 4 Players Defense
Line #DefenseDefensePHYDFOFWanted %Time %Time Play
1Marc-Edouard VlasicIvan Provorov1225546%3:28
2Marc-Edouard VlasicMiro Heiskanen1224554%4:09
Penalty Kill 3 Players
Line #WingPHYDFOFWanted %Time %Time PlayDefenseDefensePHYDFOFWanted %Time %Time Play
1Leon Draisaitl122550%0:00 Marc-Edouard VlasicIvan Provorov122550%0:00
2Ryan Nugent-Hopkins122450%0:00 Marc-Edouard VlasicMiro Heiskanen122450%0:00
4 vs 4 Forward
Line #CenterWingPHYDFOFWanted %Time %Time Play
1Leon DraisaitlRyan Nugent-Hopkins122550%0:00
2Dave HuntRyan Nugent-Hopkins122450%0:00
4 vs 4 Defense
Line #DefensePHYDFOFWanted %Time %Time Play
1Marc-Edouard VlasicIvan Provorov122550%0:00
2Marc-Edouard VlasicMiro Heiskanen122450%0:00
Last Minutes Offensive
Left WingCenterRight WingDefenseDefense
Ryan Nugent-HopkinsLeon DraisaitlDave HuntJake MuzzinIvan Provorov
Last Minutes Defensive
Left WingCenterRight WingDefenseDefense
Ryan Nugent-HopkinsLeon DraisaitlDave HuntJake MuzzinIvan Provorov
Time
Total ForwardTotal DefenseLast Minutes OffensiveLast Minutes Defensive
60:00 60:00 0:000:16
Extra Forwards
Normal PowerPlayPenalty Kill
Jesse Puljujarvi, Reilly Smith, Jordan EberleJesse Puljujarvi, Reilly SmithJordan Eberle
Extra Defensemen
Normal PowerPlayPenalty Kill
Vincent Desharnais, Ivan Provorov, Marc-Edouard VlasicVincent Desharnais, Ivan ProvorovMarc-Edouard Vlasic
Penalty Shots
Leon Draisaitl, Ryan Nugent-Hopkins, Dave Hunt, Reilly Smith, Jake DeBrusk
Goalie
Stuart Skinner, Cam Talbot
Custom OT Lines Forwards
Leon Draisaitl, Ryan Nugent-Hopkins, Dave Hunt, Jesse Puljujarvi, Jake DeBrusk, Brad Marchand, Reilly Smith, Jordan Eberle, Casey Cizikas, Frank Vatrano
Custom OT Lines Defensemen
Jake Muzzin, Ivan Provorov, Marc-Edouard Vlasic, Miro Heiskanen, Vincent Desharnais
Scratches
Josh Bailey (Healthy), Curtis Lazar (Sprained Left Finger Injury)

Aces

5 vs 5 Forward
Line #Left WingCenterRight WingPHYDFOFWanted %Time %Time Play
1Jack HughesArthur KaliyevClayton Keller1223030%12:50
2Jordan KyrouCarter VerhaegheCharlie Coyle1222828%12:08
3Victor OlofssonRobby FabbriMikael Backlund1222626%11:28
4Anthony BeauvillierRoss ColtonNathan MacKinnon1221616%6:59
5 vs 5 Defense
Line #DefenseDefensePHYDFOFWanted %Time %Time Play
1Lee MackErik Cernak1223026%11:24
2Ryan McDonaghThomas Chabot1222834%14:44
3Nick LeddyDante Fabbro1222630%12:59
4Lee MackErik Cernak1221610%4:18
Power Play Forward
Line #Left WingCenterRight WingPHYDFOFWanted %Time %Time Play
1Jack HughesJordan KyrouClayton Keller1225567%5:06
2Jordan KyrouCarter VerhaegheCharlie Coyle1224533%2:31
Power Play Defense
Line #DefenseDefensePHYDFOFWanted %Time %Time Play
1Lee MackErik Cernak1225557%4:21
2Ryan McDonaghLee Mack1224543%3:16
Penalty Kill 4 Players Forward
Line #CenterWingPHYDFOFWanted %Time %Time Play
1Clayton KellerJack Hughes1225566%5:47
2Clayton KellerJordan Kyrou1224534%2:55
Penalty Kill 4 Players Defense
Line #DefenseDefensePHYDFOFWanted %Time %Time Play
1Lee MackErik Cernak1225547%4:04
2Ryan McDonaghErik Cernak1224553%4:38
Penalty Kill 3 Players
Line #WingPHYDFOFWanted %Time %Time PlayDefenseDefensePHYDFOFWanted %Time %Time Play
1Jack Hughes122550%0:00 Lee MackErik Cernak122550%0:00
2Jack Hughes122450%0:00 Ryan McDonaghErik Cernak122450%0:00
4 vs 4 Forward
Line #CenterWingPHYDFOFWanted %Time %Time Play
1Clayton KellerJack Hughes122550%0:00
2Clayton KellerJordan Kyrou122450%0:00
4 vs 4 Defense
Line #DefensePHYDFOFWanted %Time %Time Play
1Lee MackErik Cernak122550%0:00
2Ryan McDonaghLee Mack122450%0:00
Last Minutes Offensive
Left WingCenterRight WingDefenseDefense
Jack HughesArthur KaliyevClayton KellerLee MackErik Cernak
Last Minutes Defensive
Left WingCenterRight WingDefenseDefense
Jack HughesArthur KaliyevClayton KellerLee MackErik Cernak
Time
Total ForwardTotal DefenseLast Minutes OffensiveLast Minutes Defensive
60:00 60:00 0:160:00
Extra Forwards
Normal PowerPlayPenalty Kill
Jack Hughes, Robby Fabbri, Victor OlofssonClayton Keller, Robby FabbriVictor Olofsson
Extra Defensemen
Normal PowerPlayPenalty Kill
Nick Leddy, Dante Fabbro, Ryan McDonaghNick Leddy, Dante FabbroRyan McDonagh
Penalty Shots
Robby Fabbri, Jack Hughes, Clayton Keller, Jordan Kyrou, Carter Verhaeghe
Goalie
Carter Hart, Philipp Grubauer
Custom OT Lines Forwards
Arthur Kaliyev, Jack Hughes, Clayton Keller, Jordan Kyrou, Carter Verhaeghe, Charlie Coyle, Robby Fabbri, Victor Olofsson, Mikael Backlund, Anthony Beauvillier
Custom OT Lines Defensemen
Lee Mack, Erik Cernak, Ryan McDonagh, Dante Fabbro, Nick Leddy
Scratches
Paul Stastny (Healthy), Chris Driedger (Healthy)


Play-by-Play

1st period


0:01 of 1st period - Leon Draisaitl wins face-off versus Arthur Kaliyev in neutral zone.
1:15 of 1st period - Icing by Ryan McDonagh.
1:16 of 1st period - Charlie Coyle wins face-off versus Casey Cizikas in Aces zone.
2:11 of 1st period - Off-side.
2:12 of 1st period - Ross Colton wins face-off versus Brad Marchand in neutral zone.
2:50 of 1st period - Shot by Nathan MacKinnon.
2:50 of 1st period - Stopped by Stuart Skinner without a rebound.
2:51 of 1st period - Robby Fabbri wins face-off versus Leon Draisaitl in Chiefs zone.
2:52 of 1st period - Shot by Mikael Backlund.
2:52 of 1st period - Shot Misses the Net.
2:59 of 1st period - Leon Draisaitl is hit by Dante Fabbro and loses puck.
4:23 of 1st period - Icing by Marc-Edouard Vlasic.
4:24 of 1st period - Max Domi wins face-off versus Carter Verhaeghe in Chiefs zone.
4:24 of 1st period - Max Domi is hit by Charlie Coyle.
4:59 of 1st period - Lee Mack is hit by Jake DeBrusk and loses puck.
5:49 of 1st period - Icing by Victor Olofsson.
5:50 of 1st period - Robby Fabbri wins face-off versus Casey Cizikas in Aces zone.
5:50 of 1st period - Robby Fabbri is hit by Casey Cizikas.
6:18 of 1st period - Shot by Reilly Smith.
6:18 of 1st period - Deflect By Frank Vatrano.
6:18 of 1st period - Stopped by Carter Hart without a rebound.
6:19 of 1st period - Ross Colton wins face-off versus Max Domi in Aces zone.
6:59 of 1st period - Shot by Nathan MacKinnon.
6:59 of 1st period - Shot Hit the Post.
7:08 of 1st period - Icing by Nathan MacKinnon.
7:09 of 1st period - Ross Colton wins face-off versus Leon Draisaitl in Aces zone.
7:31 of 1st period - Off-side.
7:32 of 1st period - Casey Cizikas wins face-off versus Robby Fabbri in neutral zone.
7:49 of 1st period - Minor Penalty to Jake Muzzin for Hooking.
7:50 of 1st period - Leon Draisaitl wins face-off versus Jordan Kyrou in Chiefs zone.
7:56 of 1st period - Icing by Lee Mack.
7:57 of 1st period - Leon Draisaitl wins face-off versus Jordan Kyrou in Aces zone.
8:08 of 1st period - Shot by Jordan Kyrou.
8:08 of 1st period - Shot Misses the Net.
8:18 of 1st period - Shot by Clayton Keller.
8:18 of 1st period - Shot Misses the Net.
9:43 of 1st period - Shot by Carter Verhaeghe.
9:43 of 1st period - Shot Blocked by Marc-Edouard Vlasic.
9:45 of 1st period - Shot by Ryan McDonagh.
9:45 of 1st period - Shot Misses the Net.
9:47 of 1st period - Shot by Ryan McDonagh.
9:47 of 1st period - Shot Blocked by Marc-Edouard Vlasic.
9:49 of 1st period - Shot by Ryan McDonagh.
9:49 of 1st period - Stopped by Stuart Skinner without a rebound.
9:50 of 1st period - Casey Cizikas wins face-off versus Nathan MacKinnon in Chiefs zone.
9:52 of 1st period - Minor Penalty to Nathan MacKinnon for Hooking.
9:53 of 1st period - Victor Olofsson wins face-off versus Jesse Puljujarvi in Aces zone.
10:02 of 1st period - Shot by Dave Hunt.
10:02 of 1st period - Stopped by Carter Hart without a rebound.
10:03 of 1st period - Victor Olofsson wins face-off versus Jesse Puljujarvi in Aces zone.
10:57 of 1st period - Icing by Miro Heiskanen.
10:58 of 1st period - Leon Draisaitl wins face-off versus Jack Hughes in Chiefs zone.
11:49 of 1st period - Shot by Ivan Provorov.
11:49 of 1st period - Shot Misses the Net.
11:55 of 1st period - Shot by Brad Marchand.
11:55 of 1st period - Goal by Brad Marchand - Chiefs : 1 - Aces : 0.
11:56 of 1st period - Casey Cizikas wins face-off versus Ross Colton in neutral zone.
12:10 of 1st period - Off-side.
12:11 of 1st period - Brad Marchand wins face-off versus Robby Fabbri in neutral zone.
12:14 of 1st period - Shot by Jake DeBrusk.
12:14 of 1st period - Stopped by Carter Hart without a rebound.
12:15 of 1st period - Max Domi wins face-off versus Robby Fabbri in Aces zone.
12:26 of 1st period - Shot by Max Domi.
12:26 of 1st period - Goal by Max Domi - Chiefs : 2 - Aces : 0.
12:27 of 1st period - Dave Hunt wins face-off versus Arthur Kaliyev in neutral zone.
12:33 of 1st period - Ryan Nugent-Hopkins is hit by Erik Cernak and loses puck.
12:44 of 1st period - Shot by Leon Draisaitl.
12:44 of 1st period - Deflect By Ryan Nugent-Hopkins.
12:44 of 1st period - Stopped by Carter Hart with a rebound.
12:54 of 1st period - Shot by Ryan Nugent-Hopkins.
12:54 of 1st period - Shot Blocked by Clayton Keller.
13:08 of 1st period - Shot by Dave Hunt.
13:08 of 1st period - Stopped by Carter Hart without a rebound.
13:09 of 1st period - Casey Cizikas wins face-off versus Carter Verhaeghe in Aces zone.
14:18 of 1st period - Off-side.
14:19 of 1st period - Leon Draisaitl wins face-off versus Arthur Kaliyev in neutral zone.
14:44 of 1st period - Shot by Jack Hughes.
14:44 of 1st period - Stopped by Stuart Skinner without a rebound.
14:45 of 1st period - Mikael Backlund wins face-off versus Max Domi in Chiefs zone.
14:45 of 1st period - Mikael Backlund is hit by Jake Muzzin.
15:09 of 1st period - Shot by Max Domi.
15:09 of 1st period - Shot Blocked by Ryan McDonagh.
15:43 of 1st period - Shot by Dave Hunt.
15:43 of 1st period - Shot Blocked by Erik Cernak.
16:28 of 1st period - Off-side.
16:29 of 1st period - Casey Cizikas wins face-off versus Carter Verhaeghe in neutral zone.
16:40 of 1st period - Shot by Reilly Smith.
16:40 of 1st period - Stopped by Carter Hart with a rebound.
16:46 of 1st period - Shot by Casey Cizikas.
16:46 of 1st period - Shot Misses the Net.
16:54 of 1st period - Shot by Frank Vatrano.
16:54 of 1st period - Stopped by Carter Hart without a rebound.
16:55 of 1st period - Ross Colton wins face-off versus Max Domi in Aces zone.
18:13 of 1st period - Icing by Lee Mack.
18:14 of 1st period - Carter Verhaeghe wins face-off versus Jesse Puljujarvi in Aces zone.
19:08 of 1st period - Shot by Reilly Smith.
19:08 of 1st period - Stopped by Carter Hart without a rebound.
19:09 of 1st period - Casey Cizikas wins face-off versus Arthur Kaliyev in Aces zone.
19:11 of 1st period - Reilly Smith is hit by Dante Fabbro and loses puck.
19:24 of 1st period - Shot by Clayton Keller.
19:24 of 1st period - Deflect By Jack Hughes.
19:24 of 1st period - Shot Blocked by Drew Doughty.
19:33 of 1st period - Arthur Kaliyev is hit by Drew Doughty and loses puck.
19:35 of 1st period - Minor Penalty to Vincent Desharnais for Holding.
19:36 of 1st period - Leon Draisaitl wins face-off versus Robby Fabbri in Chiefs zone.
Goals for this period are 2 for Chiefs vs 0 for Aces.
Shots for this period are 10 for Chiefs vs 3 for Aces.

2nd period


0:01 of 2nd period - Clayton Keller wins face-off versus Leon Draisaitl in neutral zone.
0:04 of 2nd period - Shot by Lee Mack.
0:04 of 2nd period - Shot Misses the Net.
0:06 of 2nd period - Shot by Erik Cernak.
0:06 of 2nd period - Shot Misses the Net.
0:16 of 2nd period - Shot by Lee Mack.
0:16 of 2nd period - Stopped by Stuart Skinner without a rebound.
0:17 of 2nd period - Leon Draisaitl wins face-off versus Carter Verhaeghe in Chiefs zone.
0:17 of 2nd period - Ryan Nugent-Hopkins is hit by Charlie Coyle and loses puck.
0:42 of 2nd period - Shot by Ryan McDonagh.
0:42 of 2nd period - Shot Blocked by Ivan Provorov.
0:46 of 2nd period - Shot by Lee Mack.
0:46 of 2nd period - Shot Misses the Net.
0:56 of 2nd period - Shot by Lee Mack.
0:56 of 2nd period - Shot Misses the Net.
1:42 of 2nd period - Shot by Max Domi.
1:42 of 2nd period - Stopped by Carter Hart without a rebound.
1:43 of 2nd period - Ross Colton wins face-off versus Casey Cizikas in Aces zone.
2:20 of 2nd period - Off-side.
2:21 of 2nd period - Arthur Kaliyev wins face-off versus Jesse Puljujarvi in neutral zone.
2:34 of 2nd period - Shot by Ivan Provorov.
2:34 of 2nd period - Stopped by Carter Hart without a rebound.
2:35 of 2nd period - Max Domi wins face-off versus Robby Fabbri in Aces zone.
2:36 of 2nd period - Shot by Brad Marchand.
2:36 of 2nd period - Shot Blocked by Ryan McDonagh.
2:38 of 2nd period - Shot by Marc-Edouard Vlasic.
2:38 of 2nd period - Stopped by Carter Hart without a rebound.
2:39 of 2nd period - Leon Draisaitl wins face-off versus Arthur Kaliyev in Aces zone.
2:48 of 2nd period - Shot by Dave Hunt.
2:48 of 2nd period - Stopped by Carter Hart with a rebound.
2:50 of 2nd period - Shot by Dave Hunt.
2:50 of 2nd period - Deflect By Ryan Nugent-Hopkins.
2:50 of 2nd period - Stopped by Carter Hart without a rebound.
2:51 of 2nd period - Robby Fabbri wins face-off versus Max Domi in Aces zone.
2:51 of 2nd period - Robby Fabbri is hit by Jake DeBrusk.
3:01 of 2nd period - Shot by Robby Fabbri.
3:01 of 2nd period - Shot Misses the Net.
3:18 of 2nd period - Off-side.
3:19 of 2nd period - Leon Draisaitl wins face-off versus Arthur Kaliyev in neutral zone.
3:28 of 2nd period - Off-side.
3:29 of 2nd period - Carter Verhaeghe wins face-off versus Leon Draisaitl in neutral zone.
3:32 of 2nd period - Shot by Lee Mack.
3:32 of 2nd period - Stopped by Stuart Skinner without a rebound.
3:33 of 2nd period - Leon Draisaitl wins face-off versus Arthur Kaliyev in Chiefs zone.
3:33 of 2nd period - Leon Draisaitl is hit by Clayton Keller.
4:35 of 2nd period - Icing by Dante Fabbro.
4:36 of 2nd period - Casey Cizikas wins face-off versus Mikael Backlund in Aces zone.
4:44 of 2nd period - Icing by Dante Fabbro.
4:45 of 2nd period - Robby Fabbri wins face-off versus Max Domi in Aces zone.
4:54 of 2nd period - Shot by Robby Fabbri.
4:54 of 2nd period - Shot Blocked by Vincent Desharnais.
4:56 of 2nd period - Shot by Dante Fabbro.
4:56 of 2nd period - Stopped by Stuart Skinner with a rebound.
4:58 of 2nd period - Shot by Nick Leddy.
4:58 of 2nd period - Stopped by Stuart Skinner without a rebound.
4:59 of 2nd period - Casey Cizikas wins face-off versus Carter Verhaeghe in Chiefs zone.
4:59 of 2nd period - Casey Cizikas is hit by Carter Verhaeghe.
5:10 of 2nd period - Icing by Thomas Chabot.
5:11 of 2nd period - Carter Verhaeghe wins face-off versus Dave Hunt in Aces zone.
5:41 of 2nd period - Minor Penalty to Jordan Kyrou for Hooking.
5:42 of 2nd period - Leon Draisaitl wins face-off versus Clayton Keller in Aces zone.
5:42 of 2nd period - Leon Draisaitl is hit by Erik Cernak.
5:44 of 2nd period - Shot by Ivan Provorov.
5:44 of 2nd period - Stopped by Carter Hart without a rebound.
5:45 of 2nd period - Ryan Nugent-Hopkins wins face-off versus Clayton Keller in Aces zone.
5:48 of 2nd period - Shot by Ryan Nugent-Hopkins.
5:48 of 2nd period - Stopped by Carter Hart with a rebound.
5:50 of 2nd period - Shot by Ivan Provorov.
5:50 of 2nd period - Stopped by Carter Hart with a rebound.
5:52 of 2nd period - Shot by Ivan Provorov.
5:52 of 2nd period - Shot Misses the Net.
5:54 of 2nd period - Shot by Ryan Nugent-Hopkins.
5:54 of 2nd period - Stopped by Carter Hart without a rebound.
5:55 of 2nd period - Leon Draisaitl wins face-off versus Clayton Keller in Aces zone.
6:16 of 2nd period - Shot by Leon Draisaitl.
6:16 of 2nd period - Stopped by Carter Hart with a rebound.
6:18 of 2nd period - Shot by Ryan Nugent-Hopkins.
6:18 of 2nd period - Deflect By Dave Hunt.
6:18 of 2nd period - Stopped by Carter Hart without a rebound.
6:19 of 2nd period - Clayton Keller wins face-off versus Jake DeBrusk in Aces zone.
6:50 of 2nd period - Icing by Miro Heiskanen.
6:51 of 2nd period - Ryan Nugent-Hopkins wins face-off versus Clayton Keller in Chiefs zone.
7:21 of 2nd period - Off-side.
7:22 of 2nd period - Victor Olofsson wins face-off versus Jesse Puljujarvi in neutral zone.
8:09 of 2nd period - Shot by Charlie Coyle.
8:09 of 2nd period - Shot Misses the Net.
8:11 of 2nd period - Shot by Charlie Coyle.
8:11 of 2nd period - Stopped by Stuart Skinner with a rebound.
8:13 of 2nd period - Shot by Jordan Kyrou.
8:13 of 2nd period - Goal by Jordan Kyrou - Chiefs : 2 - Aces : 1.
8:14 of 2nd period - Casey Cizikas wins face-off versus Robby Fabbri in neutral zone.
8:21 of 2nd period - Shot by Reilly Smith.
8:21 of 2nd period - Stopped by Carter Hart with a rebound.
8:23 of 2nd period - Shot by Drew Doughty.
8:23 of 2nd period - Shot Misses the Net.
8:41 of 2nd period - Shot by Robby Fabbri.
8:41 of 2nd period - Deflect By Mikael Backlund.
8:41 of 2nd period - Goal by Mikael Backlund - Chiefs : 2 - Aces : 2.
8:42 of 2nd period - Leon Draisaitl wins face-off versus Ross Colton in neutral zone.
8:49 of 2nd period - Lee Mack is hit by Leon Draisaitl.
8:57 of 2nd period - Shot by Nathan MacKinnon.
8:57 of 2nd period - Stopped by Stuart Skinner with a rebound.
9:02 of 2nd period - Ryan Nugent-Hopkins is hit by Ross Colton and loses puck.
9:06 of 2nd period - Off-side.
9:07 of 2nd period - Max Domi wins face-off versus Arthur Kaliyev in neutral zone.
9:18 of 2nd period - Jake Muzzin is hit by Arthur Kaliyev and loses puck.
9:26 of 2nd period - Max Domi is hit by Thomas Chabot and loses puck.
9:56 of 2nd period - Icing by Thomas Chabot.
9:57 of 2nd period - Leon Draisaitl wins face-off versus Arthur Kaliyev in Aces zone.
10:02 of 2nd period - Shot by Dave Hunt.
10:02 of 2nd period - Shot Misses the Net.
10:27 of 2nd period - Dave Hunt is hit by Erik Cernak and loses puck.
10:53 of 2nd period - Minor Penalty to Mikael Backlund for Interference.
10:54 of 2nd period - Clayton Keller wins face-off versus Jesse Puljujarvi in Aces zone.
10:54 of 2nd period - Lee Mack is hit by Jesse Puljujarvi and loses puck.
11:11 of 2nd period - Shot by Reilly Smith.
11:11 of 2nd period - Deflect By Jake DeBrusk.
11:11 of 2nd period - Shot Misses the Net.
11:13 of 2nd period - Shot by Jake DeBrusk.
11:13 of 2nd period - Stopped by Carter Hart without a rebound.
11:14 of 2nd period - Ryan Nugent-Hopkins wins face-off versus Victor Olofsson in Aces zone.
11:21 of 2nd period - Shot by Ivan Provorov.
11:21 of 2nd period - Goal by Ivan Provorov - Chiefs : 3 - Aces : 2.
11:22 of 2nd period - Casey Cizikas wins face-off versus Jordan Kyrou in neutral zone.
11:29 of 2nd period - Shot by Frank Vatrano.
11:29 of 2nd period - Deflect By Reilly Smith.
11:29 of 2nd period - Shot Misses the Net.
11:31 of 2nd period - Shot by Casey Cizikas.
11:31 of 2nd period - Stopped by Carter Hart without a rebound.
11:32 of 2nd period - Max Domi wins face-off versus Robby Fabbri in Aces zone.
11:32 of 2nd period - Max Domi is hit by Dante Fabbro.
11:44 of 2nd period - Shot by Mikael Backlund.
11:44 of 2nd period - Stopped by Stuart Skinner without a rebound.
11:45 of 2nd period - Leon Draisaitl wins face-off versus Carter Verhaeghe in Chiefs zone.
12:00 of 2nd period - Shot by Carter Verhaeghe.
12:00 of 2nd period - Shot Misses the Net.
12:02 of 2nd period - Shot by Charlie Coyle.
12:02 of 2nd period - Shot Blocked by Drew Doughty.
12:23 of 2nd period - Thomas Chabot is hit by Jordan Eberle and loses puck.
12:38 of 2nd period - Erik Cernak is hit by Jesse Puljujarvi and loses puck.
12:58 of 2nd period - Icing by Ivan Provorov.
12:59 of 2nd period - Casey Cizikas wins face-off versus Robby Fabbri in Chiefs zone.
12:59 of 2nd period - Casey Cizikas is hit by Robby Fabbri.
13:11 of 2nd period - Frank Vatrano is hit by Dante Fabbro and loses puck.
13:20 of 2nd period - Shot by Frank Vatrano.
13:20 of 2nd period - Stopped by Carter Hart with a rebound.
13:24 of 2nd period - Shot by Reilly Smith.
13:24 of 2nd period - Shot Misses the Net.
13:26 of 2nd period - Shot by Casey Cizikas.
13:26 of 2nd period - Shot Hit the Post.
13:33 of 2nd period - Reilly Smith is hit by Dante Fabbro and loses puck.
13:49 of 2nd period - Minor Penalty to Nick Leddy for Tripping.
13:50 of 2nd period - Leon Draisaitl wins face-off versus Clayton Keller in Aces zone.
14:05 of 2nd period - Shot by Ryan Nugent-Hopkins.
14:05 of 2nd period - Shot Misses the Net.
14:07 of 2nd period - Shot by Ryan Nugent-Hopkins.
14:07 of 2nd period - Deflect By Leon Draisaitl.
14:07 of 2nd period - Goal by Leon Draisaitl - Chiefs : 4 - Aces : 2.
14:08 of 2nd period - Max Domi wins face-off versus Carter Verhaeghe in neutral zone.
14:59 of 2nd period - Brad Marchand is hit by Erik Cernak.
15:11 of 2nd period - Shot by Jack Hughes.
15:11 of 2nd period - Shot Misses the Net.
15:36 of 2nd period - Leon Draisaitl is hit by Erik Cernak and loses puck.
15:51 of 2nd period - Icing by Lee Mack.
15:52 of 2nd period - Casey Cizikas wins face-off versus Arthur Kaliyev in Aces zone.
16:16 of 2nd period - Reilly Smith is hit by Erik Cernak.
16:25 of 2nd period - Frank Vatrano is hit by Erik Cernak and loses puck.
16:54 of 2nd period - Shot by Leon Draisaitl.
16:54 of 2nd period - Stopped by Carter Hart without a rebound.
16:54 of 2nd period - Minor Penalty to Carter Hart for Delaying the game.
16:55 of 2nd period - Victor Olofsson wins face-off versus Leon Draisaitl in Aces zone.
17:25 of 2nd period - Shot by Dave Hunt.
17:25 of 2nd period - Deflect By Leon Draisaitl.
17:25 of 2nd period - Shot Misses the Net.
17:27 of 2nd period - Shot by Ivan Provorov.
17:27 of 2nd period - Stopped by Carter Hart with a rebound.
18:25 of 2nd period - Shot by Reilly Smith.
18:25 of 2nd period - Shot Misses the Net.
18:27 of 2nd period - Shot by Ivan Provorov.
18:27 of 2nd period - Shot Blocked by Nick Leddy.
18:29 of 2nd period - Shot by Reilly Smith.
18:29 of 2nd period - Stopped by Carter Hart with a rebound.
18:31 of 2nd period - Shot by Reilly Smith.
18:31 of 2nd period - Stopped by Carter Hart with a rebound.
18:33 of 2nd period - Shot by Reilly Smith.
18:33 of 2nd period - Shot Misses the Net.
18:35 of 2nd period - Shot by Ivan Provorov.
18:35 of 2nd period - Shot Misses the Net.
18:37 of 2nd period - Shot by Ivan Provorov.
18:37 of 2nd period - Stopped by Carter Hart with a rebound.
18:39 of 2nd period - Shot by Brandon Davidson.
18:39 of 2nd period - Stopped by Carter Hart with a rebound.
18:43 of 2nd period - Shot by Leon Draisaitl.
18:43 of 2nd period - Stopped by Carter Hart without a rebound.
18:44 of 2nd period - Casey Cizikas wins face-off versus Clayton Keller in Aces zone.
19:03 of 2nd period - Shot by Frank Vatrano.
19:03 of 2nd period - Shot Blocked by Thomas Chabot.
19:05 of 2nd period - Shot by Frank Vatrano.
19:05 of 2nd period - Shot Misses the Net.
19:21 of 2nd period - Shot by Reilly Smith.
19:21 of 2nd period - Shot Misses the Net.
19:23 of 2nd period - Shot by Casey Cizikas.
19:23 of 2nd period - Stopped by Carter Hart without a rebound.
19:24 of 2nd period - Max Domi wins face-off versus Robby Fabbri in Aces zone.
19:26 of 2nd period - Minor Penalty to Nick Leddy for Delaying the game.
19:27 of 2nd period - Clayton Keller wins face-off versus Ryan Nugent-Hopkins in Aces zone.
19:37 of 2nd period - Off-side.
19:38 of 2nd period - Leon Draisaitl wins face-off versus Clayton Keller in neutral zone.
19:59 of 2nd period - Clayton Keller is hit by Dave Hunt and loses puck.
Goals for this period are 2 for Chiefs vs 2 for Aces.
Shots for this period are 25 for Chiefs vs 9 for Aces.

3rd period


0:01 of 3rd period - Leon Draisaitl wins face-off versus Clayton Keller in neutral zone.
0:13 of 3rd period - Leon Draisaitl is hit by Erik Cernak and loses puck.
1:02 of 3rd period - Lee Mack is hit by Jake DeBrusk and loses puck.
1:51 of 3rd period - Shot by Nathan MacKinnon.
1:51 of 3rd period - Shot Misses the Net.
1:53 of 3rd period - Shot by Anthony Beauvillier.
1:53 of 3rd period - Shot Misses the Net.
1:55 of 3rd period - Shot by Ryan McDonagh.
1:55 of 3rd period - Shot Misses the Net.
2:29 of 3rd period - Icing by Nick Leddy.
2:30 of 3rd period - Leon Draisaitl wins face-off versus Carter Verhaeghe in Aces zone.
2:51 of 3rd period - Shot by Carter Verhaeghe.
2:51 of 3rd period - Shot Misses the Net.
2:58 of 3rd period - Off-side.
2:59 of 3rd period - Jake DeBrusk wins face-off versus Robby Fabbri in neutral zone.
3:04 of 3rd period - Erik Cernak is hit by Jake DeBrusk and loses puck.
3:21 of 3rd period - Shot by Jake DeBrusk.
3:21 of 3rd period - Shot Misses the Net.
3:23 of 3rd period - Shot by Brad Marchand.
3:23 of 3rd period - Stopped by Carter Hart without a rebound.
3:24 of 3rd period - Leon Draisaitl wins face-off versus Arthur Kaliyev in Aces zone.
3:49 of 3rd period - Shot by Ryan Nugent-Hopkins.
3:49 of 3rd period - Shot Misses the Net.
3:55 of 3rd period - Shot by Dave Hunt.
3:55 of 3rd period - Shot Misses the Net.
4:35 of 3rd period - Shot by Max Domi.
4:35 of 3rd period - Stopped by Carter Hart without a rebound.
4:36 of 3rd period - Casey Cizikas wins face-off versus Robby Fabbri in Aces zone.
4:37 of 3rd period - Shot by Reilly Smith.
4:37 of 3rd period - Stopped by Carter Hart with a rebound.
5:09 of 3rd period - Shot by Frank Vatrano.
5:09 of 3rd period - Shot Misses the Net.
5:20 of 3rd period - Robby Fabbri is hit by Brad Marchand and loses puck.
5:36 of 3rd period - Lee Mack is hit by Drew Doughty and loses puck.
5:40 of 3rd period - Icing by Drew Doughty.
5:41 of 3rd period - Max Domi wins face-off versus Carter Verhaeghe in Chiefs zone.
7:18 of 3rd period - Shot by Reilly Smith.
7:18 of 3rd period - Stopped by Carter Hart without a rebound.
7:19 of 3rd period - Arthur Kaliyev wins face-off versus Casey Cizikas in Aces zone.
7:36 of 3rd period - Shot by Thomas Chabot.
7:36 of 3rd period - Stopped by Stuart Skinner without a rebound.
7:37 of 3rd period - Leon Draisaitl wins face-off versus Robby Fabbri in Chiefs zone.
7:45 of 3rd period - Minor Penalty to Jake Muzzin for Roughing.
7:46 of 3rd period - Leon Draisaitl wins face-off versus Robby Fabbri in Chiefs zone.
7:46 of 3rd period - Leon Draisaitl is hit by Jack Hughes.
8:05 of 3rd period - Shot by Lee Mack.
8:05 of 3rd period - Shot Misses the Net.
8:07 of 3rd period - Shot by Erik Cernak.
8:07 of 3rd period - Stopped by Stuart Skinner without a rebound.
8:08 of 3rd period - Ryan Nugent-Hopkins wins face-off versus Jordan Kyrou in Chiefs zone.
8:14 of 3rd period - Icing by Lee Mack.
8:15 of 3rd period - Leon Draisaitl wins face-off versus Jordan Kyrou in Aces zone.
8:41 of 3rd period - Off-side.
8:42 of 3rd period - Leon Draisaitl wins face-off versus Carter Verhaeghe in neutral zone.
8:51 of 3rd period - Shot by Lee Mack.
8:51 of 3rd period - Stopped by Stuart Skinner without a rebound.
8:52 of 3rd period - Leon Draisaitl wins face-off versus Carter Verhaeghe in Chiefs zone.
9:03 of 3rd period - Shot by Carter Verhaeghe.
9:03 of 3rd period - Shot Blocked by Ivan Provorov.
9:05 of 3rd period - Shot by Erik Cernak.
9:05 of 3rd period - Stopped by Stuart Skinner without a rebound.
9:06 of 3rd period - Leon Draisaitl wins face-off versus Jordan Kyrou in Chiefs zone.
9:06 of 3rd period - Leon Draisaitl is hit by Clayton Keller.
9:34 of 3rd period - Shot by Jordan Kyrou.
9:34 of 3rd period - Shot Misses the Net.
9:58 of 3rd period - Shot by Nathan MacKinnon.
9:58 of 3rd period - Stopped by Stuart Skinner without a rebound.
9:59 of 3rd period - Robby Fabbri wins face-off versus Casey Cizikas in Chiefs zone.
10:19 of 3rd period - Mikael Backlund is hit by Vincent Desharnais and loses puck.
10:27 of 3rd period - Minor Penalty to Drew Doughty for Tripping.
10:28 of 3rd period - Leon Draisaitl wins face-off versus Carter Verhaeghe in Chiefs zone.
10:43 of 3rd period - Shot by Lee Mack.
10:43 of 3rd period - Shot Misses the Net.
11:17 of 3rd period - Shot by Dave Hunt.
11:17 of 3rd period - Shot Misses the Net.
12:07 of 3rd period - Shot by Nick Leddy.
12:07 of 3rd period - Goal by Nick Leddy - Chiefs : 4 - Aces : 3.
12:08 of 3rd period - Max Domi wins face-off versus Ross Colton in neutral zone.
12:08 of 3rd period - Jake DeBrusk is hit by Ross Colton and loses puck.
12:14 of 3rd period - Jake DeBrusk is hit by Dante Fabbro.
12:51 of 3rd period - Icing by Vincent Desharnais.
12:52 of 3rd period - Arthur Kaliyev wins face-off versus Max Domi in Chiefs zone.
12:53 of 3rd period - Shot by Jack Hughes.
12:53 of 3rd period - Stopped by Stuart Skinner with a rebound.
13:26 of 3rd period - Shot by Leon Draisaitl.
13:26 of 3rd period - Shot Misses the Net.
13:28 of 3rd period - Shot by Dave Hunt.
13:28 of 3rd period - Stopped by Carter Hart without a rebound.
13:29 of 3rd period - Robby Fabbri wins face-off versus Casey Cizikas in Aces zone.
13:29 of 3rd period - Robby Fabbri is hit by Casey Cizikas.
13:53 of 3rd period - Victor Olofsson is hit by Miro Heiskanen and loses puck.
14:07 of 3rd period - Shot by Ryan McDonagh.
14:07 of 3rd period - Stopped by Stuart Skinner with a rebound.
15:02 of 3rd period - Leon Draisaitl is hit by Dante Fabbro.
15:08 of 3rd period - Shot by Jack Hughes.
15:08 of 3rd period - Stopped by Stuart Skinner without a rebound.
15:09 of 3rd period - Max Domi wins face-off versus Ross Colton in Chiefs zone.
15:26 of 3rd period - Shot by Nathan MacKinnon.
15:26 of 3rd period - Shot Misses the Net.
15:44 of 3rd period - Shot by Nathan MacKinnon.
15:44 of 3rd period - Shot Misses the Net.
15:46 of 3rd period - Shot by Nick Leddy.
15:46 of 3rd period - Shot Misses the Net.
16:06 of 3rd period - Off-side.
16:07 of 3rd period - Leon Draisaitl wins face-off versus Robby Fabbri in neutral zone.
16:10 of 3rd period - Erik Cernak is hit by Dave Hunt and loses puck.
16:18 of 3rd period - Icing by Erik Cernak.
16:19 of 3rd period - Casey Cizikas wins face-off versus Robby Fabbri in Aces zone.
17:02 of 3rd period - Icing by Marc-Edouard Vlasic.
17:03 of 3rd period - Casey Cizikas wins face-off versus Carter Verhaeghe in Chiefs zone.
17:03 of 3rd period - Casey Cizikas is hit by Charlie Coyle.
17:08 of 3rd period - Off-side.
17:09 of 3rd period - Leon Draisaitl wins face-off versus Arthur Kaliyev in neutral zone.
17:20 of 3rd period - Shot by Clayton Keller.
17:20 of 3rd period - Stopped by Stuart Skinner without a rebound.
17:21 of 3rd period - Max Domi wins face-off versus Carter Verhaeghe in Chiefs zone.
17:55 of 3rd period - Icing by Drew Doughty.
17:56 of 3rd period - Max Domi wins face-off versus Arthur Kaliyev in Chiefs zone.
18:03 of 3rd period - Shot by Lee Mack.
18:03 of 3rd period - Deflect By Arthur Kaliyev.
18:03 of 3rd period - Shot Misses the Net.
18:11 of 3rd period - Shot by Jack Hughes.
18:11 of 3rd period - Stopped by Stuart Skinner without a rebound.
18:12 of 3rd period - Leon Draisaitl wins face-off versus Robby Fabbri in Chiefs zone.
18:35 of 3rd period - Aces, Carter Hart is pulled from the net.
18:47 of 3rd period - Shot by Mikael Backlund.
18:47 of 3rd period - Stopped by Stuart Skinner without a rebound.
18:48 of 3rd period - Casey Cizikas wins face-off versus Arthur Kaliyev in Chiefs zone.
19:22 of 3rd period - Shot by Arthur Kaliyev.
19:22 of 3rd period - Stopped by Stuart Skinner without a rebound.
19:23 of 3rd period - Dave Hunt wins face-off versus Arthur Kaliyev in Chiefs zone.
19:38 of 3rd period - Shot by Dave Hunt.
19:38 of 3rd period - Goal by Dave Hunt - Chiefs : 5 - Aces : 3.
19:38 of 3rd period - Carter Hart from Aces was sent back in the game.
19:39 of 3rd period - Max Domi wins face-off versus Robby Fabbri in neutral zone.
19:48 of 3rd period - Shot by Jake DeBrusk.
19:48 of 3rd period - Shot Misses the Net.
19:50 of 3rd period - Shot by Jake DeBrusk.
19:50 of 3rd period - Stopped by Carter Hart without a rebound.
19:51 of 3rd period - Carter Verhaeghe wins face-off versus Leon Draisaitl in Aces zone.
Goals for this period are 1 for Chiefs vs 1 for Aces.
Shots for this period are 7 for Chiefs vs 13 for Aces.